 Dungeon Crawl Stone Soup version 0.29.0-4-gdea44cf6ec (webtiles) character file.

Game seed: 11667134417080582882

2277 gelatine the Chopper (level 8, -8/70 HPs)
             Began as a Demigod Gladiator on Aug 26, 2022.
             Killed from afar by a steam dragon (15 damage)
             ... with a ball of steam
             ... on level 6 of the Dungeon.
             The game lasted 00:16:17 (6762 turns).

gelatine the Chopper (Demigod Gladiator)            Turns: 6762, Time: 00:16:18

Health: -8/70      AC: 13    Str: 23    XL:     8   Next: 95%
Magic:  10/10      EV:  8    Int: 10    God:
Gold:   208        SH:  0    Dex: 15    Spells: 7/7 levels left

rFire   . . .      SeeInvis .   a - +0 war axe
rCold   + . .      Faith    .   (no shield)
rNeg    . . .      Spirit   .   m - +1 plate armour "Gangupt" {Slay+4}
rPois   .          Reflect  .   c - +0 helmet
rElec   .          Harm     .   (no cloak)
rCorr   .          Rampage  .   (no gloves)
Will    .....                   (no boots)
Stlth   ..........              (no amulet)
HPRegen 0.21/turn               f - ring of protection from cold
MPRegen 0.12/turn               (no ring)

@: no status effects
A: high MP 1, forlorn, divine attributes
a: no special abilities


You were on level 6 of the Dungeon.
You visited 2 branches of the dungeon, and saw 7 of its levels.

You collected 208 gold pieces.

Inventory:

Hand Weapons
 a - a +0 war axe (weapon)
 d - a +0 halberd of venom
 C - the +3 dagger of Law {holy, Contam Fly rN+ Int+2}
   (You found it on level 5 of the Dungeon)

   It has been blessed by the Shining One to cause great damage to the undead
   and demons.
   Int:       It affects your intelligence (+2).
   rN:        It protects you from negative energy.
   Fly:       It grants you flight.
   Contam:    It causes magical contamination when unequipped.
Armour
 c - a +0 helmet (worn)
 e - a +2 robe of willpower
 k - a +0 leather armour of willpower
 m - the +1 plate armour "Gangupt" (worn) {Slay+4}
   (You acquired it on level 5 of the Dungeon)

   Slay:      It affects your accuracy & damage with ranged weapons and melee
   (+4).
Jewellery
 f - a ring of protection from cold (left hand)
 n - a ring of fire
Wands
 r - a wand of mindburst (4)
Scrolls
 b - a scroll of magic mapping
 h - 2 scrolls of poison
 l - 3 scrolls of teleportation
 o - 3 scrolls of enchant weapon
 v - a scroll of enchant armour {unknown}
 x - 2 scrolls of immolation
 y - 2 scrolls of identify
Potions
 g - 3 potions of haste {unknown}
 i - 2 potions of might {unknown}
 j - 3 potions of curing {unknown}
 q - a potion of cancellation {unknown}
 s - 2 potions of lignification {unknown}
 t - a potion of brilliance {unknown}
 u - a potion of invisibility {unknown}
 w - a potion of degeneration {unknown}
 z - a potion of flight {unknown}
 A - a potion of resistance {unknown}
 B - 2 potions of mutation {unknown}
 D - a potion of berserk rage {unknown}


   Skills:
 * Level 6.1 Fighting
 + Level 7.8 Axes
 + Level 3.5 Throwing
 + Level 2.5 Armour
 + Level 4.1 Dodging
 + Level 2.7 Stealth
 + Level 0.1 Evocations


You had 7 spell levels left.
You didn't know any spells.
Your spell library contained the following spells:

 Spells                   Type           Power      Damage    Failure   Level
 Sandblast                Erth           0%         2d4       100%        1
 Passwall                 Tmut/Erth      0%         N/A       100%        2
 Gell's Gravitas          Tloc           0%         N/A       100%        3
 Lesser Beckoning         Tloc           0%         N/A       100%        3
 Stone Arrow              Conj/Erth      0%         3d7       100%        3
 Teleport Other           Tloc           0%         N/A       100%        3


Dungeon Overview and Level Annotations

Branches:
Dungeon (6/15)             Temple (1/1) D:4


Innate Abilities, Weirdness & Mutations

You have an increased reservoir of magic. (+10% MP)
You shall have no god before yourself.
Your divine heritage dramatically boosts your attributes as you level up.


Message History

You barely miss the water moccasin.
The water moccasin is almost dead.
The water moccasin bites you but does no damage.
You slash the water moccasin!
You kill the water moccasin!
The hound barely misses you.
You barely miss the hound. The hound bites you.
The hound bites you but does no damage.
You slash the hound! Your punch misses the hound.
The hound is heavily wounded.
The hound barely misses you.
You closely miss the hound.
The hound is heavily wounded.
The hound bites you. The hound closely misses you.
You slash the hound!
You kill the hound!
An orc warrior comes into view. It is wielding a +0 short sword.
The orc warrior unwields a +0 short sword.
The orc warrior wields a +0 arbalest.
The orc warrior shoots a bolt.
The bolt hits you!
* * * LOW HITPOINT WARNING * * *
The orc warrior shoots a bolt.
The bolt hits you.
* * * LOW HITPOINT WARNING * * *
The orc warrior unwields a +0 arbalest.
The orc warrior wields a +0 short sword.
The orc warrior hits you with a +0 short sword!
* * * LOW HITPOINT WARNING * * *
Read: scroll of fear
Press: ? - help, Q - select action, (/) - cycle Dir - look around, f - activate Look: an orc warrior, wielding a +0 short sword and wearing a +0 plate armour (chance to affect: 97%)
As you read the scroll of fear, it crumbles to dust.
You assume a fearsome visage.
The orc warrior looks frightened!
A steam dragon comes into view.
The steam dragon hisses angrily.
There is a stone staircase leading up here.
Cornered, the orc warrior turns to fight!
The steam dragon breathes steam at you. The ball of steam hits you!
You die...

.....## ### ..
.......#####..# ...
.....<........# ...
.....#.>...##.# .#
##............#
###.##.............##
..#..........)......#####
...>......[..............
................@§§D..####
..................†......#
...............#..†#...#...
................###.....#
................# #.###.#
................# +.†...+
......>..#.#...#...#####...
..#.....##.##o...#(#
........##..######Y#


You could see an orc warrior.

Vanquished Creatures
  Prince Ribbit (D:5)
  Sigmund (D:2)
  2 water moccasins (D:6)
  An orc warrior (D:6)
  A sky beast (D:6)
  3 black bears
  3 ice beasts
  A centaur (D:6)
  A phantom (D:5)
  2 necrophages
  A scorpion (D:6)
  5 hounds
  2 jellies (D:4)
  An orc priest (D:6)
  A gnoll bouda (D:5)
  2 iguanas
  2 orc wizards (D:4)
  9 gnolls
  4 adders
  A shadow imp (D:5)
  2 white imps
  A worm (D:4)
  A dart slug (D:5)
  25 orcs
  9 ball pythons
  5 endoplasms
  4 giant cockroaches (D:1)
  9 hobgoblins
  4 quokkas
  A bat (D:1)
  4 frilled lizards
  8 goblins
  6 kobolds
  4 rats
127 creatures vanquished.

Notes
Turn   | Place    | Note
-------+----------+-------------------------------------------
     0 | D:1      | gelatine the Demigod Gladiator began the quest for the Orb.
     0 | D:1      | Reached XP level 1. HP: 17/17 MP: 3/3
   164 | D:1      | Reached skill level 3 in Axes
   419 | D:1      | Reached XP level 2. HP: 18/24 MP: 4/4
  1285 | D:2      | Noticed Sigmund
  1297 | D:2      | Killed Sigmund
  1298 | D:2      | Reached skill level 4 in Axes
  1298 | D:2      | Reached skill level 1 in Armour
  1298 | D:2      | Reached skill level 1 in Stealth
  1298 | D:2      | Reached XP level 3. HP: 30/30 MP: 5/5
  1298 | D:2      | Reached XP level 4. HP: 37/37 MP: 6/6
  1298 | D:2      | Reached XP level 5. HP: 42/42 MP: 7/7
  2609 | D:4      | Found a staircase to the Ecumenical Temple.
  2616 | Temple   | Entered the Ecumenical Temple
  2904 | D:4      | Noticed a black bear
  2934 | D:4      | Killed a black bear
  2935 | D:4      | Reached XP level 6. HP: 27/51 MP: 8/8
  3430 | D:4      | Reached skill level 5 in Axes
  4063 | D:4      | Reached XP level 7. HP: 45/58 MP: 9/9
  4513 | D:5      | Entered Level 5 of the Dungeon
  4523 | D:5      | Identified the +3 dagger of Law {holy, Contam Fly rN+
                  | Int+2}
  4646 | D:5      | Reached skill level 6 in Axes
  5016 | D:5      | Noticed Prince Ribbit
  5067 | D:5      | Killed Prince Ribbit
  5395 | D:5      | Reached skill level 5 in Fighting
  5395 | D:5      | Reached XP level 8. HP: 40/68 MP: 10/10
  5785 | D:5      | Identified a scroll of acquirement
  5786 | D:5      | Acquired the +1 plate armour "Gangupt" {Slay+4}
  6178 | D:6      | Reached skill level 7 in Axes
  6762 | D:6      | Killed from afar by a steam dragon

Illustrated notes

Levels and vault maps discovered:
D:1:      dpeg_arrival_short_road, layout_loops_ring
D:2:      layout_rooms, uniq_sigmund
D:3:      minmay_wonky_spiral, layout_loops_cross
D:4:      kb_forest_paths, layout_basic, chequers_decorated_corner,
          nrook_mini_vaults, minmay_ruptured
D:5:      layout_cave_pods, uniq_prince_ribbit1
D:6:      layout_rooms, hex_tiny, minmay_fractal_squares_diagonal_5
Temple:   roderic_octagonal_lattice_temple

Skill      XL: |  1  2  3  4  5  6  7  8 |
---------------+-------------------------+-----
Axes           | 3 4 5 6 7 |  7.8
Fighting       | 2 3 5 6 |  6.1
Dodging        | 3 4 |  4.1
Throwing       | 2 3 |  3.5
Armour         | 1 2 |  2.5
Stealth        | 1 2 |  2.7
Evocations     | |  0.1

Action                   |  1- 3 |  4- 6 |  7- 9 || total
-------------------------+-------+-------+-------++-------
Melee: War axe           |    58 |   159 |   163 ||   380
       Punch             |     1 |     1 |     2 ||     4
Throw: Dart              |     4 |    10 |    20 ||    34
       Throwing net      |     2 |     5 |       ||     7
       Javelin           |     1 |     1 |     7 ||     9
Evoke: Wand              |       |       |     2 ||     2
  Use: Scroll            |       |     4 |     7 ||    11
 Stab: Held in net/web   |     1 |       |       ||     1
       Sleeping          |       |     3 |       ||     3
       Distracted        |       |     1 |       ||     1
Armor: Leather armour    |    17 |       |       ||    17
       Robe              |       |    43 |    23 ||    66
       Plate armour      |       |       |    61 ||    61
Dodge: Dodged            |    41 |   104 |   110 ||   255
